 Dungeon Crawl Stone Soup version 0.22-a0-305-gd21a89c (webtiles) character file.

249 xccam the Chopper (level 6, -1/47 HPs)
             Began as a Formicid Fighter on Mar 30, 2018.
             Killed from afar by an orc wizard (5 damage)
             ... with a puff of flame
             ... on level 3 of the Dungeon.
             The game lasted 00:07:08 (1378 turns).

xccam the Chopper (Formicid Fighter)                Turns: 1378, Time: 00:07:08

Health: -1/47      AC: 10    Str: 22    XL:     6   Next: 34%
Magic:  6/6        EV:  8    Int:  8    God:
Gold:   118        SH:  9    Dex: 10    Spells: 5/5 levels left

rFire    . . .     SeeInvis +   a - +0 war axe
rCold    . . .     Gourm    .   c - +0 shield
rNeg     . . .     Faith    .   b - +0 scale mail
rPois    .         Spirit   .   (helmet unavailable)
rElec    .         Reflect  .   (no cloak)
rCorr    .         Harm     .   e - +2 pair of gloves {archery}
MR       .....                  (no boots)
Stlth    ..........             (no amulet)
HPRegen  0.15/turn              (no ring)
MPRegen  0.10/turn              (no ring)

@: no status effects
A: permanent stasis, dig shafts and tunnels, four strong arms, antennae 3
a: Dig, Shaft Self


You were on level 3 of the Dungeon.
You were not hungry.

You visited 1 branch of the dungeon, and saw 3 of its levels.

You collected 118 gold pieces.

Inventory:

Hand Weapons
 a - a +0 war axe (weapon)
Armour
 b - a +0 scale mail (worn)
 c - a +0 shield (worn)
 e - a +2 pair of gloves of archery (worn)
Scrolls
 g - a scroll of fog {unknown}
 h - 2 scrolls of amnesia {unknown}
 i - 2 scrolls of remove curse {unknown}
 j - a scroll of teleportation {unknown}
 k - 5 scrolls of identify {unknown}
 n - a scroll of enchant weapon {unknown}
Potions
 d - 2 potions of might
Comestibles
 f - 4 rations
 l - a chunk of flesh


   Skills:
 - Level 3.2 Fighting
 + Level 6.2 Axes
 - Level 3.2 Armour
 - Level 3.6 Shields


You had 5 spell levels left.
You didn't know any spells.

Dungeon Overview and Level Annotations

Branches:
Dungeon (3/15)

Altars:
Ashenzari
Okawaru
Ru
Wu Jian


Innate Abilities, Weirdness & Mutations

You cannot be hasted, slowed, berserked, paralysed or teleported.
You can dig through walls and to a lower floor.
Your four strong arms can wield two-handed weapons with a shield.
You have a pair of large antennae on your head. (SInv)


Message History

You feel better.
The orc wizard hits you but does no damage.
You block the orc's attack.
The orc wizard hits you but does no damage.
The orc hits you with a club.
* * * LOW HITPOINT WARNING * * *
The orc wizard hits you but does no damage.
You hit the orc but do no damage.
The orc is heavily wounded.
You hit the orc wizard.
You hit the orc wizard but do no damage.
You slash the orc!
You kill the orc!
You block the orc wizard's attack. The orc hits you but does no damage.
The orc wizard gestures at you while chanting.
The magic dart hits you!
* * * LOW HITPOINT WARNING * * *
The orc wizard gestures at you while chanting.
The puff of flame hits you!
You die...

. #......#.# # ##
..#......#.# #.#.
.#........####.#.####
....................
#.........##........
#..........+........
#..)......##.....)..
#†ooo....# #........
{ ###@o#.#.#
#......#. #(.....#
#......#. #(######
#......#.
####.(....####'#'###.
#..............#.# #.
#.##...........#.###.
# #......####.#.##..
#......# #.#.##..
#......# ###.....


You could see 2 orc wizards and 2 orcs.

Vanquished Creatures
  3 orc priests (D:3)
  Jessica (D:3)
  Terence (D:2)
  3 adders
  An ooze (D:3)
  4 worms
  2 leopard geckos
  8 orcs (D:3)
  3 giant cockroaches
  4 goblins (D:2)
  9 hobgoblins
  4 jackals (D:1)
  6 bats
  2 frilled lizards
  A kobold (D:1)
  5 rats
57 creatures vanquished.

Notes
Turn   | Place    | Note
-------+----------+-------------------------------------------
     0 | D:1      | xccam the Formicid Fighter began the quest for the Orb.
     0 | D:1      | Reached XP level 1. HP: 18/18 MP: 1/1
   228 | D:1      | Reached XP level 2. HP: 24/24 MP: 2/2
   277 | D:1      | Reached skill level 3 in Axes
   640 | D:2      | Reached XP level 3. HP: 27/29 MP: 3/3
   785 | D:2      | Noticed Terence
   792 | D:2      | Killed Terence
   792 | D:2      | Reached skill level 4 in Axes
   792 | D:2      | Reached XP level 4. HP: 25/35 MP: 4/4
   821 | D:2      | Found an ornate altar of the Wu Jian Council.
   962 | D:2      | Found a shattered altar of Ashenzari.
   962 | D:2      | Found an iron altar of Okawaru.
   963 | D:2      | Found a sacrificial altar of Ru.
  1169 | D:3      | Reached XP level 5. HP: 41/41 MP: 5/5
  1247 | D:3      | Noticed Jessica
  1258 | D:3      | Killed Jessica
  1258 | D:3      | Reached skill level 5 in Axes
  1286 | D:3      | Reached XP level 6. HP: 29/47 MP: 6/6
  1369 | D:3      | Reached skill level 6 in Axes
  1378 | D:3      | Killed from afar by an orc wizard

Vault maps used:
D:1:      arrival_zaba_pyramid, grunt_decor_clamped
D:2:      lemuel_crystal_altar, gammafunk_temple_overflow_claw,
          minmay_nonomino_d4, uniq_terence
D:3:      nicolae_gozag_cash_rules_everything_around_me, uniq_jessica

Skill      XL: |  1  2  3  4  5  6 |
---------------+-------------------+-----
Axes           | 3 4 5 6 |  6.2
Fighting       | |  3.2
Armour         | |  3.2
Shields        | |  3.6

Action                   |  1- 3 |  4- 6 || total
-------------------------+-------+-------++-------
Melee: War axe           |    60 |   104 ||   164
  Use: Potion            |     1 |     1 ||     2
  Eat: Chunk             |       |     2 ||     2
Armor: Scale mail        |    38 |    76 ||   114
Dodge: Dodged            |    20 |    40 ||    60
Block: Shield            |    40 |    46 ||    86

Table legend:
 A = Spawn XP
 B = Non-spawn XP
 C = Spawn XP percentage of total XP
 D = Spawn monster count
 E = Non-spawn monster count
 F = Spawn count percentage of total count
 G = Total turns spent on level
                    A         B        C        D         E        F      G
               +---------+---------+-------+---------+---------+-------+---------
         Total |       0 |     356 |   0.0 |       0 |      57 |   0.0 |  1378
               +---------+---------+-------+---------+---------+-------+---------
           D:1 |       0 |      22 |   0.0 |       0 |      14 |   0.0 |   631
           D:2 |       0 |      87 |   0.0 |       0 |      18 |   0.0 |   474
           D:3 |       0 |     247 |   0.0 |       0 |      25 |   0.0 |   273
               +---------+---------+-------+---------+---------+-------+---------
